 Dungeon Crawl Stone Soup version 0.24.0-35-gdb84b6a5db (webtiles) character file.

Game seed: 14794128263364287628, levelgen mode: deterministic

12649 Nattfarinn the Protected (level 11, -1/89 HPs)
             Began as a Minotaur Fighter on Nov 18, 2019.
             Was a High Priest of Okawaru.
             Slain by a black mamba simulacrum (7 damage)
             ... on level 1 of the Abyss.
             The game lasted 00:28:12 (10255 turns).

Nattfarinn the Protected (Minotaur Fighter)        Turns: 10255, Time: 00:28:12

Health: -1/89      AC: 19    Str: 21    XL:     11   Next: 65%
Magic:  10/10      EV:  9    Int:  5    God:    Okawaru [*****.]
Gold:   565        SH: 16    Dex: 13    Spells: 10/10 levels left

rFire    . . .     SeeInvis +   r - +3 long sword (elec)
rCold    + . .     Gourm    .   c - +0 shield
rNeg     . . .     Faith    .   z - +6 scale mail {rC+}
rPois    +         Spirit   .   (helmet restricted)
rElec    .         Reflect  +   O - +1 cloak {rPois}
rCorr    +         Harm     .   (no gloves)
MR       +....                  d - +0 pair of boots
Stlth    ..........             G - +4 amulet of reflection
HPRegen  0.24/turn              w - ring of resist corrosion
MPRegen  0.12/turn              e - ring of protection from magic

@: no status effects
A: retaliatory headbutt, horns 2, see invisible, blink, frail 1, wild magic 1
a: Blink, Heroism, Finesse, Renounce Religion


You were on level 1 of the Abyss.
You worshipped Okawaru.
Okawaru was extremely pleased with you.
You were not hungry.

You visited 2 branches of the dungeon, and saw 10 of its levels.
You visited the Abyss 2 times.

You collected 565 gold pieces.

Inventory:

Hand Weapons
 r - a +3 long sword of electrocution (weapon)
 J - the cursed +1 scythe "Gyteod" {holy, rN+ Stlth+}
   (You found it on level 8 of the Dungeon)

   It has been blessed by the Shining One to cause great damage to the undead
   and demons.
   It protects you from negative energy.
   It makes you more stealthy.
   It has a curse placed upon it.
Armour
 c - a +0 shield (worn)
 d - a +0 pair of boots (worn)
 z - a +6 scale mail of cold resistance (worn)
 M - a +1 large shield of protection
 O - a +1 cloak of poison resistance (worn)
Jewellery
 e - a ring of protection from magic (right hand)
 g - an uncursed ring of flight
 m - an uncursed ring of protection from fire
 t - an uncursed ring of protection from fire
 v - an uncursed ring of fire {unknown}
 w - a ring of resist corrosion (left hand)
 E - an uncursed ring of wizardry
 G - a +4 amulet of reflection (around neck)
Wands
 h - a wand of enslavement (7)
 s - a wand of acid (7)
 D - a wand of flame (12)
 H - a wand of polymorph (14)
Scrolls
 a - a scroll of silence {unknown}
 i - a scroll of immolation {unknown}
 j - a scroll of remove curse
 k - 2 scrolls of teleportation
 l - a scroll of fog {unknown}
 n - a scroll of magic mapping
 u - a scroll of enchant weapon {unknown}
 y - a scroll of random uselessness {unknown}
 C - a scroll of fear {unknown}
 Q - a scroll of holy word {unknown}
 R - a scroll of summoning {unknown}
Potions
 o - 3 potions of resistance
 p - 3 potions of brilliance
 q - a potion of mutation
 x - a potion of ambrosia
 A - a potion of magic {unknown}
 F - a potion of might
 K - a potion of flight {unknown}
Miscellaneous
 P - a crystal ball of energy
Comestibles
 f - 9 rations


   Skills:
 - Level 10.0 Fighting
   Level 6.5(8.9) Short Blades
 + Level 10.2(11.1) Long Blades
   Level 2.5 Maces & Flails
 - Level 7.2 Polearms
 - Level 11.5 Armour
 - Level 10.0 Shields


You had 10 spell levels left.
You didn't know any spells.
Your spell library contained the following spells:

 Spells                   Type           Power        Failure   Level  Hunger
 Beastly Appendage        Tmut           #.....       95%         1    ##.....
 Sting                    Conj/Pois      #...         95%         1    ##.....
 Poisonous Vapours        Pois/Air       #.....       99%         2    ###....
 Sticks to Snakes         Tmut           #.......     99%         2    ###....
 Mephitic Cloud           Conj/Pois/Air  #.......     100%        3    ####...
 Spider Form              Tmut/Pois      #.........   100%        3    ####...
 Ice Form                 Ice/Tmut       #.......     100%        4    #####..
 Olgreb's Toxic Radiance  Pois           #.......     100%        4    #####..
 Blade Hands              Tmut           #.........   100%        5    ######.
 Venom Bolt               Conj/Pois      #.........   100%        5    ######.


Dungeon Overview and Level Annotations

Branches:
Dungeon (9/15)             Temple (1/1) D:6            Lair (0/6) D:9
    Orc: D:9-12

Altars:
Ashenzari
Cheibriados
Dithmenos
Elyvilon
Fedhas
Gozag
Hepliaklqana
Makhleb
Okawaru
Ru
Sif Muna
Uskayaw
Xom
Yredelemnul
Zin
The Shining One

Shops:
D:7 }

Annotations:
D:2 1 runed translucent door, Crazy Yiuf


Innate Abilities, Weirdness & Mutations

You reflexively headbutt those who attack you in melee.
You have a pair of horns on your head.
You have supernaturally acute eyesight. (SInv)
You can translocate small distances at will.
You are frail. (-10% HP)
Your spells are a little harder to cast, but a little more powerful.


Message History

You closely miss the black mamba simulacrum.
You headbutt the black mamba simulacrum.
The black mamba simulacrum is moderately damaged.
The black mamba simulacrum closely misses you.
The golden eye blinks at you. You resist with almost no effort.
You block the black mamba simulacrum's attack.
You slash the black mamba simulacrum!
Your headbutt misses the black mamba simulacrum.
The black mamba simulacrum is severely damaged.
You block the black mamba simulacrum's attack.
The golden eye blinks at you. You resist with some effort.
Unknown command.
You closely miss the black mamba simulacrum.
The black mamba simulacrum is severely damaged.
The black mamba simulacrum bites you!
* * * LOW HITPOINT WARNING * * *
The black mamba simulacrum freezes you! You resist.
You die...

#... ###...###
##...#...##
.......... # #
..X....
######...#
#.#.##_..#######
#..#.........#
#@##########
###Z#...# ##
.#.#.# .. .. ###
... .. #


You could see a large abomination and a black mamba simulacrum.

Vanquished Creatures
  4 two-headed ogres
  3 death yaks
  A thrashing horror (Abyss:1)
  An unseen horror (D:8)
  An ugly thing (D:8)
  A centaur skeleton (D:8)
  A hellwing (Abyss:1)
  Prince Ribbit (D:4)
  Grinder (D:5)
  2 hippogriffs (D:7)
  Sigmund (D:5)
  A shadow (D:8)
  3 yaks (D:9)
  Eustachio (D:6)
  A wyvern (D:9)
  A small abomination (Abyss:1)
  Edmund (D:5)
  3 orc warriors
  3 porcupines
  3 sky beasts (D:7)
  A black bear (D:6)
  An ice beast (D:4)
  3 phantoms
  4 ogres
  3 centaurs
  Blork the orc (D:6)
  3 big kobolds
  6 bullfrogs
  2 scorpions
  A wight (D:8)
  5 howler monkeys
  A centaur zombie (D:8)
  5 hounds
  2 jellies
  4 crimson imps
  A bullfrog skeleton (D:5)
  An iron imp (Abyss:1)
  3 orc priests
  6 orc wizards
  2 iguanas
  A hell rat (D:9)
  6 worker ants
  A killer bee zombie (D:6)
  2 hound zombies (D:8)
  A mummy (D:4)
  11 gnolls
  13 adders
  A river rat (D:9)
  An ooze (D:1)
  An adder skeleton (D:5)
  An adder zombie (D:7)
  4 worms
  4 dart slugs
  4 leopard geckos
  31 orcs
  A ball python (D:8)
  A bat zombie (D:9)
  3 giant cockroaches
  5 hobgoblins
  13 jackals
  6 quokkas
  7 bats
  4 frilled lizards
  7 goblins
  A jackal skeleton (D:5)
  19 kobolds
  2 kobold zombies (D:4)
  A leopard gecko skeleton (D:6)
  A leopard gecko zombie (D:8)
  2 orc zombies (D:4)
  A quokka zombie (D:5)
  6 rats
  2 rat zombies (D:9)
253 creatures vanquished.

Notes
Turn   | Place    | Note
-------+----------+-------------------------------------------
     0 | D:1      | Nattfarinn the Minotaur Fighter began the quest for the
                  | Orb.
     0 | D:1      | Reached XP level 1. HP: 19/19 MP: 0/0
    98 | D:1      | Reached XP level 2. HP: 27/27 MP: 1/1
   239 | D:1      | Reached skill level 4 in Armour
   506 | D:1      | Reached XP level 3. HP: 33/33 MP: 2/2
   969 | D:2      | Found a white marble altar of Elyvilon.
  1066 | D:2      | Reached XP level 4. HP: 24/41 MP: 3/3
  1310 | D:2      | Found a runed translucent door.
  1311 | D:2      | Noticed Crazy Yiuf
  1969 | D:3      | Reached XP level 5. HP: 47/47 MP: 4/4
  2267 | D:3      | Reached skill level 5 in Shields
  2485 | D:3      | Reached skill level 5 in Fighting
  2924 | D:4      | Reached skill level 5 in Armour
  2940 | D:4      | Reached XP level 6. HP: 50/56 MP: 5/5
  3187 | D:4      | Found a shimmering blue altar of Sif Muna.
  3410 | D:4      | Reached skill level 5 in Polearms
  3410 | D:4      | Reached XP level 7. HP: 54/62 MP: 6/6
  3591 | D:4      | Reached skill level 6 in Armour
  3832 | D:5      | Entered Level 5 of the Dungeon
  3847 | D:5      | Noticed Prince Ribbit
  4292 | D:4      | Killed Prince Ribbit
  4292 | D:4      | Reached XP level 8. HP: 43/71 MP: 7/7
  4573 | D:5      | Noticed Sigmund
  4591 | D:5      | Killed Sigmund
  4591 | D:5      | Reached skill level 7 in Armour
  4685 | D:5      | Noticed Grinder
  4696 | D:5      | Paralysed by Grinder for 3 turns
  4731 | D:5      | Killed Grinder
  4988 | D:5      | Noticed Edmund
  4992 | D:5      | Gained mutation: You are frail. (-10% HP) [potion of
                  | mutation]
  4992 | D:5      | Gained mutation: You can translocate small distances at
                  | will. [potion of mutation]
  4992 | D:5      | Gained mutation: Your spells are a little harder to cast,
                  | but a little more powerful. [potion of mutation]
  4992 | D:5      | Gained mutation: You have supernaturally acute eyesight.
                  | (SInv) [potion of mutation]
  4999 | D:5      | Killed Edmund
  5083 | D:5      | Found an opulent altar of Gozag.
  5084 | D:5      | Found a glowing silver altar of Zin.
  5150 | D:5      | Found a hide-covered altar of Uskayaw.
  5325 | D:6      | Noticed Eustachio
  5346 | D:6      | Reached skill level 1 in Maces & Flails
  5366 | D:6      | Reached skill level 8 in Armour
  5366 | D:6      | Reached XP level 9. HP: 72/72 MP: 8/8
  5369 | D:6      | Killed Eustachio
  5839 | D:6      | Noticed Blork the orc
  5852 | D:6      | Killed Blork the orc
  6136 | D:6      | Found a staircase to the Ecumenical Temple.
  6349 | Temple   | Entered the Ecumenical Temple
  6377 | Temple   | Became a worshipper of Warmaster Okawaru
  6480 | D:7      | Found a shattered altar of Ashenzari.
  6495 | D:7      | Found a shimmering altar of Xom.
  6500 | D:7      | Reached skill level 1 in Long Blades
  6619 | D:7      | Reached skill level 9 in Armour
  6881 | D:7      | Found a shadowy altar of Dithmenos.
  7166 | D:7      | Reached * piety under Okawaru
  7472 | D:7      | Found Qigudit's Gadget Boutique.
  7520 | D:8      | Noticed a two-headed ogre
  7530 | D:8      | Killed a two-headed ogre
  7530 | D:8      | Reached skill level 5 in Long Blades
  7530 | D:8      | Reached XP level 10. HP: 16/81 MP: 9/9
  7745 | D:8      | Reached skill level 10 in Armour
  7800 | D:8      | Got an encrusted scythe
  7802 | D:8      | Identified the cursed +1 scythe "Gyteod" {holy, rN+ Stlth+}
                  | (You found it on level 8 of the Dungeon)
  7820 | D:8      | Reached ** piety under Okawaru
  8431 | D:8      | Noticed an unseen horror
  8437 | D:8      | Killed an unseen horror
  8443 | D:8      | Reached *** piety under Okawaru
  8512 | D:8      | Noticed a two-headed ogre
  8518 | D:8      | Killed a two-headed ogre
  8518 | D:8      | Reached skill level 11 in Armour
  8651 | D:8      | Noticed a cyan ugly thing
  8653 | D:8      | Noticed a two-headed ogre
  8670 | D:8      | Killed a cyan ugly thing
  8676 | D:8      | Killed a two-headed ogre
  8676 | D:8      | Reached **** piety under Okawaru
  8676 | D:8      | Reached skill level 10 in Fighting
  8676 | D:8      | Reached skill level 10 in Shields
  8676 | D:8      | Reached XP level 11. HP: 89/89 MP: 8/10
  8904 | D:9      | Reached skill level 1 in Short Blades
  9042 | D:9      | Found a glowing golden altar of the Shining One.
  9111 | D:9      | Noticed a death yak
  9132 | D:9      | Noticed a death yak
  9136 | D:9      | Noticed a death yak
  9149 | D:9      | Killed a death yak
  9189 | D:8      | Killed a death yak
  9189 | D:8      | Reached ***** piety under Okawaru
  9189 | D:8      | Reached skill level 5 in Short Blades
  9412 | D:9      | Killed a death yak
  9462 | D:9      | Found a staircase to the Lair.
  9495 | D:9      | Received a gift from Okawaru
  9523 | D:9      | Noticed a two-headed ogre
  9543 | D:9      | Killed a two-headed ogre
  9548 | D:9      | Cast into level 1 of the Abyss (orc warrior)
  9616 | Abyss:1  | Noticed a large abomination
  9639 | Abyss:1  | Noticed a thrashing horror
  9669 | Abyss:1  | Killed a thrashing horror
  9693 | D:9      | Escaped the Abyss
  9906 | D:9      | Cast into level 1 of the Abyss (orc warrior)
  9989 | Abyss:1  | Noticed a tentacled monstrosity
 10003 | Abyss:1  | Noticed a reaper
 10096 | Abyss:1  | Noticed a starcursed mass
 10097 | Abyss:1  | HP: 1/89 [burnt (6)]
 10099 | Abyss:1  | Found a radiant altar of Vehumet.
 10179 | Abyss:1  | Found a radiant altar of Vehumet.
 10191 | Abyss:1  | Reached skill level 10 in Long Blades
 10255 | Abyss:1  | Slain by a black mamba simulacrum

Levels and vault maps discovered:
D:1:      lemuel_arrival_river_bridge, layout_loops_ring
D:2:      layout_loops_ring, lemuel_doored_altar, uniq_crazy_yiuf_cottage
D:3:      layout_basic, first_ration
D:4:      layout_basic, nicolae_overflow_crystal_walls, grunt_ministairs_6,
          minmay_mini_ossuary
D:5:      layout_cave_pools, grunt_temple_overflow_gold_and_silver,
          old_standard_altar, uniq_prince_ribbit1, uniq_edmund, uniq_sigmund,
          uniq_grinder
D:6:      layout_rooms, minmay_temple_entry_fiery, uniq_eustachio,
          uniq_blork_the_orc
D:7:      layout_basic, grunt_temple_overflow_open, basic_altar, serial_shops,
          shop
D:8:      minmay_the_grid_triangle_9x9_rhombus_full
          [minmay_the_grid_triangle_9x9_intruding_spiral,
          minmay_the_grid_triangle_9x9_odd_lines,
          minmay_the_grid_triangle_9x9_stretched_checkered,
          minmay_the_grid_triangle_9x9_sparse_checkered,
          minmay_the_grid_triangle_9x9_dagger,
          minmay_the_grid_triangle_9x9_flanged_cone,
          minmay_the_grid_triangle_9x9_swiss_cheese,
          minmay_the_grid_triangle_9x9_prize_schism], layout_loops_ring
D:9:      layout_rooms, lemuel_zombie_altar_kikubaaqudgha, lemuel_crystal_altar,
          dpeg_lair_monsters, grunt_ogre_cave
Temple:   nicolae_temple_god_jail
Abyss:1:  base: D:1, base: D:1, gammafunk_corrupted_shrine

Skill      XL: |  1  2  3  4  5  6  7  8  9 10 11 |
---------------+----------------------------------+-----
Armour         | 4 5 6 8 9 11 | 11.5
Shields        | 4 5 6 7 9 10 | 10.0
Fighting       | 4 5 6 7 9 10 | 10.0
Polearms       | 3 4 5 7 |  7.2
Maces & Flails | 1 2 |  2.5
Long Blades    | 5 7 10 | 10.2
Short Blades   | 6 |  6.5

Action                   |  1- 3 |  4- 6 |  7- 9 | 10-12 || total
-------------------------+-------+-------+-------+-------++-------
Melee: Trident           |   109 |   209 |   240 |       ||   558
       Headbutt          |    11 |    36 |    48 |    98 ||   193
       Long sword        |       |       |    90 |   149 ||   239
       Quick blade       |       |       |       |   223 ||   223
Invok: Heroism           |       |       |       |     3 ||     3
       Finesse           |       |       |       |     1 ||     1
  Use: Potion            |       |     2 |    12 |     4 ||    18
       Scroll            |       |       |     1 |    11 ||    12
 Stab: Invisible         |       |       |     1 |       ||     1
  Eat: Chunk             |     1 |     7 |     9 |     5 ||    22
       Ration            |       |       |     1 |     2 ||     3
Armor: Scale mail        |    36 |    51 |    80 |    82 ||   249
Dodge: Dodged            |    29 |    33 |    75 |    81 ||   218
Block: Shield            |    50 |    78 |   147 |   194 ||   469
       Reflection        |       |       |       |     4 ||     4
       Rpst.: Long sword |       |       |     3 |     9 ||    12
